 Dungeon Crawl Stone Soup version 0.30-a0-585-g93115170b9 (webtiles) character file.

Game seed: 5713376756707388488

205 Grinfader the Stinger (level 5, -4/28 HPs)
             Began as a Gargoyle Venom Mage on Jan 1, 2023.
             Killed from afar by a white imp (6 damage)
             ... with a puff of frost
             ... on level 4 of the Dungeon.
             The game lasted 00:11:30 (3186 turns).

Grinfader the Stinger (Gargoyle Venom Mage)         Turns: 3186, Time: 00:11:31

Health: -4/28      AC:  8    Str: 12    XL:     5   Next: 83%
Magic:  9/10       EV: 11    Int: 17    God:
Gold:   198        SH:  0    Dex: 10    Spells: 7/11 levels left

rFire   . . .      SeeInvis .    g - +2 dagger (vamp)
rCold   . . .      Faith    .    (no shield)
rNeg    + . .      Spirit   .    a - +0 robe
rPois   ∞          Reflect  .    (no helmet)
rElec   +          Harm     .    (no cloak)
rCorr   .          Rampage  .    (no gloves)
Will    .....                    j - +1 pair of boots
Stlth   ++                       (no amulet)
HPRegen 0.24/turn                (no ring)
MPRegen 0.12/turn                (no ring)

@: no status effects
A: sickness immunity, AC +4, negative energy resistance 1, electricity
resistance, torment resistance 1, petrification resistance
a: no special abilities


You were on level 4 of the Dungeon.
You visited 1 branch of the dungeon, and saw 4 of its levels.

You collected 198 gold pieces.

Inventory:

Hand Weapons
 c - a +0 mace
 g - a +2 vampiric dagger (weapon)
Armour
 a - a +0 robe (worn)
 j - a +1 pair of boots (worn)
Wands
 f - a wand of roots (7)
 p - a wand of quicksilver (12)
Scrolls
 d - a scroll of teleportation {unknown}
 e - a scroll of amnesia {unknown}
 h - a scroll of immolation {unknown}
 i - 5 scrolls of identify {unknown}
 k - 2 scrolls of fog {unknown}
Potions
 b - a potion of magic
 l - a potion of curing {unknown}
 m - a potion of attraction {unknown}
 n - a potion of brilliance {unknown}
 o - a potion of flight {unknown}


   Skills:
 - Level 1.5 Dodging
 - Level 2.1 Stealth
 + Level 3.5 Spellcasting
 + Level 1.7 Conjurations
 - Level 0.7 Transmutations
 - Level 0.8 Air Magic
 * Level 4.8 Poison Magic


You had 7 spell levels left.
You knew the following spells:

 Your Spells              Type           Power      Damage    Failure   Level
a - Sting                 Tmut/Pois      48%        1d5       5%          1
b - Mephitic Cloud        Conj/Pois/Air  11%        N/A       19%         3

Your spell library contained the following spells:

 Spells                   Type           Power      Damage    Failure   Level
 Poisonous Vapours        Pois/Air       24%        N/A       8%          2
 Olgreb's Toxic Radiance  Pois           19%        N/A       22%         4


Dungeon Overview and Level Annotations

Branches:
Dungeon (4/15)
 Temple: D:4-7

Altars:

Annotations:
D:3 3 runed translucent doors, p0werm0de's ghost, amateur MeCK


Innate Abilities, Weirdness & Mutations

You are immune to sickness and miasma.
Your stone body is resilient. (AC +4)
You are immune to poison.
You resist negative energy. (rN+)
You are resistant to electric shocks. (rElec)
You are resistant to unholy torment.
You are immune to petrification.


Message History

The white imp gestures at you. The puff of frost hits you.
You closely miss the white imp.
The white imp is heavily wounded.
The white imp gestures at you. The puff of frost hits you.
* * * LOW HITPOINT WARNING * * *
You closely miss the white imp.
The white imp is heavily wounded.
The white imp barely misses you.
You closely miss the white imp.
The white imp is heavily wounded.
The white imp barely misses you.
You hit the white imp.
The white imp is heavily wounded.
The white imp gestures at you. The puff of frost hits you.
* * * LOW HITPOINT WARNING * * *
You barely miss the white imp.
The white imp is heavily wounded.
The white imp misses you.
You closely miss the white imp.
The white imp is heavily wounded.
The white imp hits you.
* * * LOW HITPOINT WARNING * * *
The white imp freezes you.
* * * LOW HITPOINT WARNING * * *
Okay, then.
You barely miss the white imp.
The white imp is heavily wounded.
The white imp gestures at you.
The puff of frost hits you but does no damage.
You hit the white imp.
The white imp is severely wounded.
The white imp hits you but does no damage.
You hit the white imp.
The white imp is almost dead.
The white imp gestures at you. The puff of frost hits you.
You die...

.## ..# ..#
..##### .......
###...####
#...g.....
#5###.#### #@#
#.# #.###.#
#.....# ####..#
#..##### #.#
#......# #.#
#.####.# #.# #.#
#.# #.#
#.########.####.#
#.#


You could see a white imp.

Vanquished Creatures
  2 hounds (D:4)
  An iguana (D:4)
  A gnoll (D:3)
  4 adders
  3 dart slugs
  3 orcs (D:3)
  5 bats
  5 endoplasms
  4 giant cockroaches
  2 goblins
  7 hobgoblins
  6 kobolds
  5 quokkas
  8 ball pythons
  6 frilled lizards
  3 rats
65 creatures vanquished.

Notes
Turn   | Place    | Note
-------+----------+-------------------------------------------
     0 | D:1      | Grinfader the Gargoyle Venom Mage began the quest for the
                  | Orb.
     0 | D:1      | Reached XP level 1. HP: 10/10 MP: 3/3
   133 | D:1      | Reached XP level 2. HP: 15/15 MP: 1/5
   726 | D:1      | Reached XP level 3. HP: 19/19 MP: 1/6
  1064 | D:2      | Learned a level 3 spell: Mephitic Cloud
  1112 | D:2      | Reached skill level 4 in Poison Magic
  1112 | D:2      | Reached XP level 4. HP: 19/24 MP: 8/8
  2069 | D:3      | Found a runed translucent gate.
  2069 | D:3      | Found a runed translucent gate.
  2069 | D:3      | Found a runed translucent gate.
  2507 | D:3      | Noticed p0werm0de's ghost (amateur MeCK)
  2787 | D:4      | Reached skill level 1 in Conjurations
  2787 | D:4      | Reached XP level 5. HP: 11/28 MP: 6/9
  3186 | D:4      | Killed from afar by a white imp

Illustrated notes

Levels and vault maps discovered:
D:1:      scummos_arrival_checkerplants, layout_rooms, kennysheep_small_spiral,
          minmay_misc_feat_plants
D:2:      layout_loops_ring
D:3:      minmay_recursive_quarters, layout_loops_corners, gammafunk_ghost_icy,
          kennysheep_generic_room_8
D:4:      layout_loops_ring

Skill      XL: |  1  2  3  4 |
---------------+-------------+-----
Spellcasting   | 3 |  3.5
Poison Magic   | 4 |  4.8
Conjurations   | 1 |  1.7
Dodging        | |  1.5
Stealth        | |  2.1
Transmutations | |  0.7
Air Magic      | |  0.8

Action                   |  1- 3 |  4- 6 || total
-------------------------+-------+-------++-------
Melee: Mace              |    12 |       ||    12
       Dagger            |    15 |    78 ||    93
 Cast: Sting             |    46 |    46 ||    92
Armor: Robe              |    22 |    38 ||    60
Dodge: Dodged            |    18 |    55 ||    73

Table legend: (Time is in decaauts)
 A = Elapsed time spent in this place.
 B = Non-inter-level travel time spent in this place.
 C = Inter-level travel time spent in this place.
 D = Time resting spent in this place.
 E = Time spent auto-exploring this place.
 F = Levels seen in this place.
 G = Mean time per level.
                   A        B        C        D        E       F      G
               +--------+--------+--------+--------+--------+-----+--------+
         Total |   3189 |   3117 |     72 |    665 |   1866 |   4 |  797.2 |
       Dungeon |   3189 |   3117 |     72 |    665 |   1866 |   4 |  797.2 |
               +--------+--------+--------+--------+--------+-----+--------+

Top non-repeatable levels by time:
     D:3: 1046 daAuts
     D:1: 861 daAuts
     D:2: 805 daAuts
     D:4: 474 daAuts
